 Dungeon Crawl Stone Soup version 0.29-a0-565-g7a16c6de65 (webtiles) character file.

Game seed: 15321013830734359781

215 KristoblXynda the Skirmisher (level 5, 0/47 HPs)
             Began as a Draconian Monk on June 12, 2022.
             Slain by an orc
             ... wielding a +0 flail
              (5 damage)
             ... on level 4 of the Dungeon.
             The game lasted 00:02:49 (4003 turns).

KristoblXynda the Skirmisher (Draconian Monk)       Turns: 4003, Time: 00:02:50

Health: 0/47       AC:  5    Str: 16    XL:     5   Next: 60%
Magic:  5/5        EV: 13    Int: 10    God:
Gold:   168        SH:  0    Dex: 13    Spells: 4/4 levels left

rFire   . . .      SeeInvis .   f - +4 dagger
rCold   . . .      Faith    .   (no shield)
rNeg    . . .      Spirit   .   (body armour unavailable)
rPois   .          Reflect  .   (helmet restricted)
rElec   .          Harm     .   (no cloak)
rCorr   .          Rampage  .   (no gloves)
Will    .....                   (no boots)
Stlth   ++........              (no amulet)
HPRegen 0.15/turn               (no ring)
MPRegen 0.09/turn               (no ring)

@: no status effects
A: AC +5, unfitting armour, cold-blooded
a: no special abilities


You were on level 4 of the Dungeon.
You visited 1 branch of the dungeon, and saw 4 of its levels.

You collected 168 gold pieces.

Inventory:

Hand Weapons
 f - a +4 dagger (weapon)
Missiles
 e - a throwing net
 g - 2 javelins (quivered)
Armour
 o - an orb of energy
Jewellery
 q - a ring of fire
Wands
 r - a wand of charming (8)
Scrolls
 d - 2 scrolls of magic mapping {unknown}
 k - a scroll of teleportation {unknown}
 m - a scroll of identify {unknown}
 p - a scroll of enchant weapon {unknown}
Potions
 b - a potion of heal wounds {unknown}
 c - 5 potions of attraction
 h - 2 potions of curing {unknown}
 i - a potion of might {unknown}
 j - a potion of cancellation {unknown}
 l - a potion of mutation {unknown}
 n - a potion of lignification {unknown}


   Skills:
 + Level 4.6 Fighting
 + Level 1.3 Throwing
 + Level 3.8 Dodging
 - Level 1.7 Stealth
 + Level 4.2 Unarmed Combat


You had 4 spell levels left.
You didn't know any spells.
Your spell library contained the following spells:

 Spells                   Type           Power      Damage    Failure   Level
 Ignite Poison            Fire/Tmut/Pois 0%         N/A       75%         3
 Mephitic Cloud           Conj/Pois/Air  0%         N/A       75%         3
 Freezing Cloud           Conj/Ice/Air   0%         6-21      100%        5


Dungeon Overview and Level Annotations

Branches:
Dungeon (4/15)
 Temple: D:4-7

Altars:

Shops:
D:1 (![

Annotations:
D:4 Edmund


Innate Abilities, Weirdness & Mutations

Your plain brown scales are hard. (AC +5)
You cannot fit into any form of body armour.
You are cold-blooded and may be slowed by cold attacks.


Message History

You bump into the rock wall.
The orc hits you but does no damage. The orc hits you with a +0 flail.
The orc wizard hits you with a +0 dagger.
You bump into the rock wall.
The orc wizard barely misses you. The orc barely misses you.
The orc hits you but does no damage.
You barely miss the orc wizard.
Your tail-slap misses the orc wizard.
The orc wizard is almost dead.
The orc closely misses you. The orc hits you but does no damage.
The orc wizard closely misses you.
You hit the orc wizard but do no damage.
The orc wizard is almost dead.
The orc barely misses you.
The orc wizard hits you but does no damage.
The orc hits you with a +0 dagger.
You hit the orc wizard.
You kill the orc wizard!
The orc hits you but does no damage. The orc hits you with a +0 flail.
The orc hits you but does no damage. The orc hits you with a +0 flail.
* * * LOW HITPOINT WARNING * * *
Things that are here:
a +0 dagger; a +0 robe; an orc corpse The orc hits you but does no damage.
You're too confused to move!
The orc barely misses you. The orc hits you with a +0 dagger.
* * * LOW HITPOINT WARNING * * *
The orc attacks as you move away! The orc closely misses you.
The orc attacks as you move away! The orc hits you but does no damage.
Edmund the Younger comes into view.
He is wielding a +1 vorpal dire flail.
Edmund shouts!
You hit the orc but do no damage.
The orc is heavily wounded.
The orc hits you but does no damage. The orc barely misses you.
The orc attacks as you move away! The orc hits you with a +0 flail.
* * * LOW HITPOINT WARNING * * *
You bump into the rock wall.
The orc misses you. The orc barely misses you.
You bump into the rock wall.
The orc barely misses you. x2
You feel less confused.
A quokka comes into view.
The orc hits you with a +0 flail.
You die...

#........#..[^...
#........#.....<.
+##........#.......
...........#.......
.###.......).......
#.......#...##..
###.....#...#
#.).o.#...#
###.o@##### #...#
#.@.# .....#
#.....# .......#
#.......# ....r...#


You could see Edmund, 2 orcs and a quokka (wandering).

Vanquished Creatures
  A scorpion (D:3)
  An iguana (D:4)
  An orc wizard (D:4)
  3 adders
  2 worms
  3 dart slugs
  An orc (D:4)
  8 ball pythons
  3 bats
  7 endoplasms
  4 giant cockroaches
  5 goblins
  5 hobgoblins
  7 kobolds
  3 quokkas
  4 frilled lizards (D:1)
  7 rats
65 creatures vanquished.

Notes
Turn   | Place    | Note
-------+----------+-------------------------------------------
     0 | D:1      | KristoblXynda the Draconian Monk began the quest for the
                  | Orb.
     0 | D:1      | Reached XP level 1. HP: 19/19 MP: 1/1
    75 | D:1      | Reached XP level 2. HP: 26/26 MP: 2/2
   400 | D:1      | Found Otyaworu's Weapon Boutique.
   423 | D:1      | Found a faded altar of an unknown god.
   543 | D:1      | Found Garyth's Distillery.
   595 | D:1      | Found Guosijun's Antique Armour Shop.
  1051 | D:2      | Reached XP level 3. HP: 32/33 MP: 3/3
  1798 | D:2      | Reached XP level 4. HP: 34/40 MP: 4/4
  3117 | D:3      | Noticed a scorpion
  3136 | D:3      | Killed a scorpion
  3137 | D:3      | Reached XP level 5. HP: 12/47 MP: 5/5
  3571 | D:4      | Reached skill level 1 in Throwing
  3998 | D:4      | Noticed Edmund
  4003 | D:4      | Slain by an orc

Illustrated notes

Levels and vault maps discovered:
D:1:      shiori_arrival_elements, layout_basic, serial_shops,
          nicolae_shop_advertising_works [nicolae_subvault_shop_adworks],
          nicolae_shop_behind_doors, nicolae_shop_hallway_stairs,
          dreamdust_ecumenical_altar_angels_and_demons
D:2:      layout_basic
D:3:      layout_basic
D:4:      layout_gridville, minmay_shop_damaged, nicolae_stop_n_shop_1,
          minmay_quantized, uniq_edmund, uniq_pargi

Skill      XL: |  1  2  3  4  5 |
---------------+----------------+-----
Dodging        | 3 |  3.8
Fighting       | 4 |  4.6
Unarmed Combat | 4 |  4.2
Throwing       | 1 |  1.3
Stealth        | |  1.7

Action                   |  1- 3 |  4- 6 || total
-------------------------+-------+-------++-------
Melee: Unarmed           |    38 |       ||    38
       Tailslap          |    11 |    14 ||    25
       Dagger            |    93 |    80 ||   173
       Punch             |     6 |     1 ||     7
Throw: Throwing net      |       |     1 ||     1
  Use: Potion            |       |     2 ||     2
 Stab: Sleeping          |     5 |     7 ||    12
Armor: Skin              |    39 |    41 ||    80
Dodge: Dodged            |    72 |    73 ||   145

Table legend: (Time is in decaauts)
 A = Elapsed time spent in this place.
 B = Non-inter-level travel time spent in this place.
 C = Inter-level travel time spent in this place.
 D = Time resting spent in this place.
 E = Time spent auto-exploring this place.
 F = Levels seen in this place.
 G = Mean time per level.
                   A        B        C        D        E       F      G
               +--------+--------+--------+--------+--------+-----+--------+
         Total |   3999 |   3963 |     36 |    769 |   2640 |   4 |  999.8 |
       Dungeon |   3999 |   3963 |     36 |    769 |   2640 |   4 |  999.8 |
               +--------+--------+--------+--------+--------+-----+--------+

Top non-repeatable levels by time:
     D:3: 1264 daAuts
     D:2: 1252 daAuts
     D:1: 1044 daAuts
     D:4: 437 daAuts
